 Dungeon Crawl Stone Soup version 0.28.0-43-g3370ac3207 (webtiles) character file.

Game seed: 1399129450209582354

1778 Faeu the Shield-Bearer (level 8, 0/74 HPs)
             Began as a Minotaur Fighter on Mar 18, 2022.
             Was an Initiate of Hepliaklqana.
             Slain by a troll (4 damage)
             ... on level 6 of the Dungeon.
             The game lasted 00:58:45 (6867 turns).

Faeu the Shield-Bearer (Minotaur Fighter)           Turns: 6867, Time: 00:58:46

Health: 0/74       AC: 13    Str: 24    XL:     8   Next: 81%
Magic:  7/7        EV:  8    Int:  5    God:    Hepliaklqana [......]
Gold:   354        SH:  0    Dex: 11    Spells: 7/7 levels left

rFire   . . .      SeeInvis .   C - +5 short sword (vamp) {short}
rCold   . . .      Faith    .   (no shield)
rNeg    . . .      Spirit   .   e - +0 chain mail
rPois   .          Reflect  .   (helmet unavailable)
rElec   .          Harm     .   A - +0 cloak
rCorr   +          Rampage  .   h - +0 pair of gloves
Will    .....      Clarity  +   (no boots)
Stlth   ..........              (no amulet)
HPRegen 0.22/turn               l - ring of resist corrosion
MPRegen 0.10/turn               (no ring)

@: no status effects
A: horns 3, retaliatory headbutt, clarity, strong 1
a: Renounce Religion


You were on level 6 of the Dungeon.
You worshipped Hepliaklqana.
Hepliaklqana was noncommittal.
You visited 2 branches of the dungeon, and saw 7 of its levels.
You also visited: Sewer.

You collected 354 gold pieces.


Innate Abilities, Weirdness & Mutations

You have a pair of large horns on your head.
You reflexively headbutt those who attack you in melee.
You possess an exceptional clarity of mind.
Your muscles are strong. (Str +2)


   Skills:
 + Level 7.7 Fighting
 + Level 7.2 Long Blades
 + Level 7.7 Armour
 + Level 7.7 Shields


You had 7 spell levels left.
You didn't know any spells.
Your spell library contained the following spells:

 Spells                   Type           Power      Damage    Failure   Level
 Animate Skeleton         Necr           0%         N/A       97%         1
 Apportation              Tloc           0%         N/A       97%         1
 Summon Small Mammal      Summ           0%         N/A       97%         1
 Gell's Gravitas          Tloc           0%         N/A       100%        3
 Teleport Other           Tloc           0%         N/A       100%        3
 Fireball                 Conj/Fire      0%         3d3       100%        5
 Iskenderun's Battlesphe  Conj           0%         2d6       100%        5
 Conjure Ball Lightning   Conj/Air       0%         3x3d6     100%        6
 Dispersal                Tloc           0%         N/A       100%        6
 Orb of Destruction       Conj           0%         9d5       100%        7

Inventory:

Hand Weapons
 a - a +0 long sword {long}
 d - a +0 halberd of flaming {polearm}
   (You took it off a gnoll on level 5 of the Dungeon)
 n - a +0 morningstar of holy wrath {mace}
   (You took it off an orc on level 3 of the Dungeon)
 C - a +5 vampiric short sword (weapon) {short}
   (You took it off Duvessa on level 5 of the Dungeon)
 E - a +2 great mace of draining {mace}
   (You found it on level 5 of the Dungeon)
Missiles
 g - 134 stones (quivered) {throwing}
 s - 8 poisoned darts {throwing}
 B - 18 sling bullets
 F - 45 arrows
Armour
 c - a +0 buckler
 e - a +0 chain mail (worn)
   (You found it on level 2 of the Dungeon)
 h - a +0 pair of gloves (worn)
   (You found it on level 1 of the Dungeon)
 k - a scarf of repulsion
   (You found it on level 3 of the Dungeon)
 q - an orb of light
   (You found it on level 4 of the Dungeon)
 w - a +0 buckler
   (You took it off a gnoll sergeant on level 4 of the Dungeon)
 x - a +3 ring mail of poison resistance
   (You took it off an orc on level 4 of the Dungeon)
 A - a +0 cloak (worn)
   (You found it on level 5 of the Dungeon)
 D - a +0 leather armour
   (You took it off Duvessa on level 5 of the Dungeon)
Jewellery
 l - a ring of resist corrosion (left hand)
   (You took it off an orc on level 3 of the Dungeon)
Wands
 m - a wand of paralysis (9)
   (You found it in a sewer)
Scrolls
 i - a scroll of magic mapping {unknown}
 j - 6 scrolls of identify {unknown}
 o - 2 scrolls of fear {unknown}
 r - a scroll of holy word
 u - a scroll of vulnerability {unknown}
 v - a scroll of fog {unknown}
 y - a scroll of teleportation {unknown}
Potions
 b - a potion of magic {unknown}
 f - a potion of mutation {!q}
 p - a potion of brilliance {unknown}
 t - a potion of ambrosia {unknown}
 z - 3 potions of curing {@q1}
 G - a potion of lignification {unknown}

Dungeon Overview and Level Annotations

Branches:
Dungeon (6/15)             Temple (1/1) D:6           Sewer (visited)

Altars:
Cheibriados
Elyvilon
Fedhas
Gozag
Hepliaklqana
Kikubaaqudgha
Nemelex Xobeh
Okawaru
Ru
Sif Muna
Trog
Uskayaw
Vehumet
Wu Jian
Yredelemnul
The Shining One
Ignis

Shops:
D:3 (

Annotations:
D:5 1 runed translucent door, exclusion: statue, Crazy Yiuf

#...........#.....####
###...........#........#
..............#........#
####..........#........#
#...........#.###...#
#...........#.###......
####....#.#.........#..
#.####.##T.###.......
#.# #.##.@# ..._... #.#
#.###># .... #.# #.# #.#
#.. ..# #.. ### ### #...
...# #..# #..#


You could see a troll.


Message History

You take 4 damage, and now have 69/73 hp.
You completely miss the ogre. You headbutt the ogre!
The ogre barely misses you.
You hit the ogre.
You feel better. 😕 HP[+3]
You regained 3 hp, and now have 72/73 hp.
You closely miss the ogre. You headbutt the ogre.
The ogre hits you with a +0 giant club. 😕 HP[-3]
You take 3 damage, and now have 69/73 hp.
You hit the ogre.
You feel better. The ogre barely misses you. 😕 HP[+2]
You regained 2 hp, and now have 71/73 hp.
You barely miss the ogre. You headbutt the ogre. You barely miss the ogre.
The ogre hits you with a +0 giant club!! 😮 HP[-22]
You take 22 damage, and now have 49/73 hp.
MASSIVE DAMAGE!! (PAUSE)
You puncture the ogre!
You feel better.
You kill the ogre! 😕 HP[+7]
You now have 74 max hp (+1).
You regained 7 hp, and now have 56/74 hp.
Things that are here:
a +0 giant club {mace}; an ogre corpse; 😕 HP[+1] 😕 HP[+1] 😕 HP[+1] 😕 HP[+1]
G - a lumpy cyan potion 😎 HP[+14]
Your hp is fully restored (74).
Found a white marble altar of Elyvilon.
Found a stone staircase leading down.
A troll comes into view.
The troll shouts!
You puncture the troll! Your punch misses the troll.
The troll bites you but does no damage. The troll claws you but does no damage.
The troll claws you! 😕 HP[-9]
You take 9 damage, and now have 65/74 hp.
You barely miss the troll. You headbutt the troll. 😕 HP[+1]
You hit the troll.
You feel better. The troll bites you. The troll barely misses you.
The troll claws you but does no damage. 😕 HP[-3]
You take 3 damage, and now have 63/74 hp.
You hit the troll.
You feel better. The troll bites you! The troll claws you!
The troll claws you but does no damage. 😮 HP[-15]
You take 15 damage, and now have 48/74 hp.
MASSIVE DAMAGE!! (PAUSE) 😮 HP[+1] 😮 HP[+1] 😮 HP[+1] 😮 HP[+1] 😮 HP[+1] 😮 HP[+1]
The troll bites you but does no damage. The troll barely misses you.
The troll claws you. 😮 HP[-2]
You take 2 damage, and now have 52/74 hp.
You hit the troll.
You feel better.
You headbutt the troll! The troll bites you but does no damage.
The troll claws you!
The troll claws you but does no damage. 😮 HP[-8]
You take 8 damage, and now have 44/74 hp.
You hit the troll.
You feel better. The troll bites you. The troll claws you!
* * * LOW HITPOINT WARNING * * *
The troll claws you.
* * * LOW HITPOINT WARNING * * *
😨 HP[-13]
You take 13 damage, and now have 31/74 hp.
Aiming: Paralyse
Press: ? - help, Shift-Dir - straight line, f - troll
Aim: a troll (heavily wounded, chance to affect: 49%)
The troll resists with some effort.
The troll bites you!
* * * LOW HITPOINT WARNING * * *
The troll claws you.
* * * LOW HITPOINT WARNING * * *
The troll claws you but does no damage. 😱 HP[-18]
You take 18 damage, and now have 13/74 hp.
MASSIVE DAMAGE!! (PAUSE)
A troll is nearby!
You feel better. The troll barely misses you. You furiously retaliate!
You headbutt the troll! The troll closely misses you. The troll claws you.
* * * LOW HITPOINT WARNING * * *
😱 HP[+2]
You regained 2 hp, and now have 15/74 hp.
You barely miss the troll. The troll bites you!
* * * LOW HITPOINT WARNING * * *
The troll claws you.
* * * LOW HITPOINT WARNING * * *
The troll completely misses you. 😱 HP[-11]
You take 11 damage, and now have 4/74 hp.
You closely miss the troll. The troll barely misses you.
The troll closely misses you. The troll claws you.
You die...

Skill      XL: |  1  2  3  4  5  6  7  8 |
---------------+-------------------------+-----
Fighting       | 4 5 6 7 |  7.7
Shields        | 4 5 6 7 |  7.7
Armour         | 4 5 6 7 |  7.7
Long Blades    | 3 4 5 6 7 |  7.2

Action                   |  1- 3 |  4- 6 |  7- 9 || total
-------------------------+-------+-------+-------++-------
Melee: Long sword        |    62 |   230 |    73 ||   365
       Headbutt          |    10 |    26 |    31 ||    67
       Short sword       |       |       |    77 ||    77
       Punch             |       |       |     1 ||     1
Throw: Stone             |     4 |    15 |    10 ||    29
Evoke: Wand              |       |     1 |     3 ||     4
  Use: Scroll            |     1 |     2 |       ||     3
       Potion            |       |     3 |     2 ||     5
Armor: Scale mail        |    35 |       |       ||    35
       Chain mail        |     1 |   141 |   124 ||   266
Dodge: Dodged            |    35 |    76 |    94 ||   205
Block: Buckler           |    11 |    48 |       ||    59

Levels and vault maps discovered:
D:1:      heliophobic_arrival_ceremonial_halls, layout_loops_ring,
          chequers_serial_rivers_room_b
D:2:      layout_rooms, ebering_ecumenical_altar_hall, basic_altar
D:3:      layout_basic, zin_scriptorium, portal_sewer_entry_d, serial_shops,
          nicolae_lakefront_shop
D:4:      minmay_bubble_buster, layout_basic, okawaru_gym_becter
D:5:      layout_layer_cave, vehumet_statue,
          mainiacjoe_overflow_small_starburst, uniq_duvessa,
          uniq_crazy_yiuf_cottage
D:6:      minmay_opposing_rooms, layout_basic, mainiacjoe_overflow_tiny_flanked,
          minmay_temple_entry_drinking_statues, minmay_shop_damaged, uniq_pikel,
          uniq_sigmund
Temple:   pdpol_scorched_temple

Notes
Turn   | Place    | Note
-------+----------+-------------------------------------------
     0 | D:1      | Faeu the Minotaur Fighter began the quest for the Orb.
     0 | D:1      | Reached XP level 1. HP: 19/19 MP: 0/0
     0 | D:1      | magus.rc [v1.9.6]
   253 | D:1      | Reached XP level 2. HP: 27/27 MP: 1/1
   406 | D:1      | You add the spells Gell's Gravitas, Teleport Other and
                  | Dispersal to your library.
   411 | D:1      | Reached skill level 4 in Fighting
   411 | D:1      | Reached skill level 4 in Shields
   528 | D:1      | Reached skill level 4 in Armour
   572 | D:1      | Reached skill level 3 in Long Blades
   572 | D:1      | Reached XP level 3. HP: 33/33 MP: 2/2
   764 | D:2      | Found a white marble altar of Elyvilon.
   916 | D:2      | Found a faded altar of an unknown god.
   991 | D:2      | Reached XP level 4. HP: 41/41 MP: 3/3
  1324 | D:4      | Noticed a necrophage
  1334 | D:3      | Killed a necrophage
  1335 | D:3      | Reached XP level 5. HP: 35/47 MP: 4/4
  1368 | D:3      | Reached skill level 4 in Long Blades
  1387 | D:3      | Found a glowing drain.
  1396 | Sewer    | Entered a sewer
  1420 | Sewer    | Reached skill level 5 in Shields
  1608 | Sewer    | Reached skill level 5 in Fighting
  1768 | Sewer    | Reached skill level 5 in Armour
  1880 | Sewer    | Reached XP level 6. HP: 55/56 MP: 5/5
  1894 | Sewer    | You pick up a book of the Spheres and begin reading...
  1894 | Sewer    | You add the spells Iskenderun's Battlesphere, Fireball,
                  | Conjure Ball Lightning and Orb of Destruction to your
                  | library.
  2214 | D:3      | Gained mutation: You possess an exceptional clarity of
                  | mind. [potion of mutation]
  2214 | D:3      | Gained mutation: You have a pair of large horns on your
                  | head. [potion of mutation]
  2214 | D:3      | Gained mutation: Your muscles are strong. (Str +2) [potion
                  | of mutation]
  2630 | D:3      | Found Daxzoyfe's Weapon Shoppe.
  3005 | D:4      | Reached skill level 5 in Long Blades
  3141 | D:4      | You pick up a book of Cantrips and begin reading...
  3141 | D:4      | You add the spells Animate Skeleton, Summon Small Mammal
                  | and Apportation to your library.
  3287 | D:4      | Reached XP level 7. HP: 62/62 MP: 6/6
  3401 | D:4      | Found an iron altar of Okawaru.
  3684 | D:4      | Reached skill level 6 in Shields
  3695 | D:4      | Reached skill level 6 in Fighting
  3695 | D:4      | Reached skill level 6 in Armour
  3696 | D:4      | HP: 4/63 [ogre/+0 giant club (22)]
  4502 | D:5      | Entered Level 5 of the Dungeon
  4507 | D:4      | magus.rc [v1.9.6]
  4784 | D:5      | Found a snail-covered altar of Cheibriados.
  4801 | D:5      | Reached skill level 6 in Long Blades
  4801 | D:5      | Reached XP level 8. HP: 44/71 MP: 7/7
  5035 | D:5      | Noticed Duvessa
  5075 | D:5      | Killed Duvessa
  5093 | D:5      | Noticed Dowan
  5101 | D:5      | Killed Dowan
  5303 | D:5      | Reached skill level 7 in Shields
  5422 | D:5      | Found a radiant altar of Vehumet.
  5473 | D:5      | Reached skill level 7 in Armour
  5514 | D:5      | Reached skill level 7 in Fighting
  5933 | D:5      | Found a runed translucent door.
  5934 | D:5      | Noticed Crazy Yiuf
  6500 | D:6      | Found a staircase to the Ecumenical Temple.
  6531 | Temple   | Entered the Ecumenical Temple
  6545 | Temple   | Became a worshipper of the Shining One
  6636 | Temple   | Was placed under penance by the Shining One
  6641 | Temple   | Reached skill level 7 in Long Blades
  6679 | Temple   | Fell from the grace of the Shining One
  6679 | Temple   | Became a worshipper of Hepliaklqana the Forgotten
  6790 | D:6      | Found a white marble altar of Elyvilon.
  6826 | D:6      | Noticed a troll
  6864 | D:6      | HP: 13/74 [troll (6)]
  6866 | D:6      | HP: 4/74 [troll (3)]
  6867 | D:6      | Slain by a troll

Vanquished Creatures
  Duvessa (D:5)
  2 necrophages
  3 ogres
  A centaur (D:6)
  2 bullfrogs (Sewer)
  2 gnoll sergeants (D:4)
  A scorpion (D:5)
  A water moccasin zombie (D:5)
  Dowan (D:5)
  4 hounds
  A jelly (D:4)
  2 gnoll shamans (D:5)
  A bullfrog skeleton (D:5)
  An orc wizard (D:3)
  3 iguanas
  2 hound skeletons
  11 gnolls
  12 adders
  2 ufetubi (D:4)
  2 worms
  4 dart slugs
  14 orcs
  6 endoplasms
  8 giant cockroaches
  8 goblins
  11 hobgoblins
  12 jackals
  6 quokkas
  8 ball pythons
  4 bats
  13 frilled lizards (Sewer)
  8 kobolds
  5 rats
162 creatures vanquished.

Table legend:
 A = Non-vault XP
 B = Vault XP
 C = Vault XP percentage of total XP
 D = Non-vault monster count
 E = Vault monster count
 F = Vault count percentage of total count
                 A         B        C        D         E       F
            +---------+---------+-------+---------+---------+-------
      Total |    1662 |     878 |  34.6 |     118 |      44 |  27.2
            +---------+---------+-------+---------+---------+-------
        D:1 |      47 |       0 |   0.0 |      24 |       0 |   0.0
        D:2 |      51 |       0 |   0.0 |      14 |       0 |   0.0
        D:3 |     239 |      14 |   5.5 |      32 |       1 |   3.0
        D:4 |     204 |     378 |  64.9 |      21 |      12 |  36.4
        D:5 |     681 |     219 |  24.3 |      22 |       2 |   8.3
        D:6 |     312 |       0 |   0.0 |       4 |       0 |   0.0
     Temple |     128 |       0 |   0.0 |       1 |       0 |   0.0
      Sewer |       0 |     267 | 100.0 |       0 |      29 | 100.0
            +---------+---------+-------+---------+---------+-------

Illustrated notes

Table legend:
 A = Kills in this place as a percentage of kills in entire the game.
 B = Kills by you in this place as a percentage of kills by you in the entire game.
 C = Kills by friends in this place as a percentage of kills by friends in the entire game.
 D = Other kills in this place as a percentage of other kills in the entire game.
 E = Experience gained in this place as a percentage of experience gained in the entire game.
 F = Experience gained in this place divided by the number of levels of this place that you have seen.
                   A       B       C       D       E      F
               +-------+-------+-------+-------+-------+----------------------
         Total | 100.0 | 100.0 |   N/A |   N/A | 100.0 | 317.5
       Dungeon |  81.5 |  81.5 |   N/A |   N/A |  84.4 | 357.5
        Temple |   0.6 |   0.6 |   N/A |   N/A |   5.0 | 128.0
         Sewer |  17.9 |  17.9 |   N/A |   N/A |  10.5 | 267.0
               +-------+-------+-------+-------+-------+----------------------

Table legend: (Time is in decaauts)
 A = Elapsed time spent in this place.
 B = Non-inter-level travel time spent in this place.
 C = Inter-level travel time spent in this place.
 D = Time resting spent in this place.
 E = Time spent auto-exploring this place.
 F = Levels seen in this place.
 G = Mean time per level.
                   A        B        C        D        E       F      G
               +--------+--------+--------+--------+--------+-----+--------+
         Total |   7074 |   6974 |    100 |    947 |   2865 |   8 |  884.2 |
       Dungeon |   6085 |   6013 |     72 |    783 |   2865 |   6 | 1014.2 |
        Temple |    127 |     99 |     28 |      0 |      0 |   1 |  127.0 |
         Sewer |    861 |    861 |      0 |    164 |      0 |   1 |  861.0 |
               +--------+--------+--------+--------+--------+-----+--------+

Top non-repeatable levels by time:
     D:4: 2167 daAuts
     D:5: 1580 daAuts
   Sewer: 861 daAuts
     D:3: 857 daAuts
     D:1: 703 daAuts
     D:2: 512 daAuts
     D:6: 263 daAuts
  Temple: 127 daAuts
